 Dungeon Crawl Stone Soup version 0.23-a0-8-gb809bb70e4 (webtiles) character file.

84 Mirvelgyr the Grave Robber (level 4, 0/24 HPs)
             Began as a Deep Elf Necromancer on Aug 1, 2018.
             Shot with an arrow by a centaur (14 damage)
             ... on level 3 of the Dungeon.
             The game lasted 00:08:36 (2078 turns).

Mirvelgyr the Grave Robber (Deep Elf Necromancer)   Turns: 2078, Time: 00:08:36

Health: 0/24       AC:  2    Str:  5    XL:     4   Next: 24%
Magic:  6/13       EV: 13    Int: 21    God:
Gold:   118        SH:  0    Dex: 15    Spells: 8/13 levels left

rFire    . . .     SeeInvis .   (no weapon)
rCold    . . .     Gourm    .   (no shield)
rNeg     . . .     Faith    .   a - +0 robe
rPois    .         Spirit   .   (no helmet)
rElec    .         Reflect  .   (no cloak)
rCorr    .         Harm     .   (no gloves)
MR       .....                  (no boots)
Stlth    ++........             (no amulet)
HPRegen  0.08/turn              (no ring)
MPRegen  0.13/turn              (no ring)

@: no status effects
A: no striking features
a: no special abilities


You were on level 3 of the Dungeon.
You were not hungry.

You visited 1 branch of the dungeon, and saw 3 of its levels.

You collected 118 gold pieces.

Inventory:

Armour
 a - a +0 robe (worn)
Wands
 m - a wand of scattershot (8)
 o - a wand of digging (12)
Scrolls
 e - a scroll of teleportation {unknown}
 g - 2 scrolls of remove curse {unknown}
 i - 2 scrolls of identify {unknown}
 j - a scroll of magic mapping {unknown}
 l - a scroll of fear {unknown}
Potions
 b - 4 potions of curing {unknown}
 d - a potion of invisibility {unknown}
 h - a potion of ambrosia {unknown}
 k - a potion of berserk rage {unknown}
 n - a potion of flight {unknown}
 p - a potion of lignification {unknown}
Comestibles
 c - 4 rations
 f - 3 chunks of flesh


   Skills:
 - Level 2.4 Dodging
 - Level 2.4 Stealth
 * Level 5.4 Spellcasting
 + Level 5.6 Necromancy


You had 8 spell levels left.
You knew the following spells:

 Your Spells              Type           Power        Failure   Level  Hunger
a - Pain                  Necr           ####         1%          1    None
b - Animate Skeleton      Necr           N/A          1%          1    None
c - Regeneration          Chrm/Necr      ###.......   10%         3    ##.....

Your spell library contained the following spells:

 Spells                   Type           Power        Failure   Level  Hunger
 Animate Dead             Necr           N/A          11%         4    ####...
 Vampiric Draining        Necr           ####......   3%          3    ##.....


Dungeon Overview and Level Annotations

Branches:
Dungeon (3/15)

Altars:


Message History

Confirm with . or Enter, or press ? or * to list all spells.
Aiming: Pain (safe; 1% risk of failure)
Press: ? - help, Shift-Dir - straight line, f/p - centaur
Aim: a centaur, wielding an enchanted shortbow (moderately wounded, chance to defeat MR: 84%)
The centaur writhes in agony!
The orc shouts!
Casting: Pain (safe; 1% risk of failure)
Confirm with . or Enter, or press ? or * to list all spells.
Aiming: Pain (safe; 1% risk of failure)
Press: ? - help, Shift-Dir - straight line, f/p - centaur
Aim: a centaur, wielding an enchanted shortbow (heavily wounded, chance to defeat MR: 84%)
The centaur writhes in agony!
The centaur shoots an arrow.
The arrow hits you.
Casting: Pain (safe; 1% risk of failure)
Confirm with . or Enter, or press ? or * to list all spells.
Aiming: Pain (safe; 1% risk of failure)
Press: ? - help, Shift-Dir - straight line, f/p - centaur
Aim: a centaur, wielding an enchanted shortbow (severely wounded, chance to defeat MR: 84%)
The centaur barely resists.
The centaur shoots an arrow.
The arrow hits you!
Ouch! That really hurt!
You die...

............. ####
.......<..... ...#
#####...##### ## .... #...#
.##..# #...# .#c.# #...#
o..# #..)##### #..#
#.......# #.
##@>#######..####.#
#...#####..##........####.#
#.......###.#####.##.....
#####.#####.#####.##.##.#
#(..................#
####.##.##..####..##.
#.#.#.(........#
#....##..##.##.#
#.##.##..##.##.#


You could see a centaur and an orc.

Vanquished Creatures
  3 adders (D:2)
  An ooze (D:2)
  2 worms
  A dart slug (D:1)
  A leopard gecko (D:1)
  6 bats (D:1)
  2 giant cockroaches
  8 goblins
  6 hobgoblins
  4 kobolds
  A quokka (D:2)
  A ball python (D:2)
  3 frilled lizards (D:1)
  6 rats
45 creatures vanquished.

Notes
Turn   | Place    | Note
-------+----------+-------------------------------------------
     0 | D:1      | Mirvelgyr the Deep Elf Necromancer began the quest for the Orb.
     0 | D:1      | Reached XP level 1. HP: 10/10 MP: 6/6
   157 | D:1      | Learned a level 1 spell: Animate Skeleton
   158 | D:1      | Reached skill level 5 in Necromancy
   374 | D:1      | Reached XP level 2. HP: 15/15 MP: 6/8
   754 | D:1      | Reached XP level 3. HP: 18/19 MP: 7/10
   844 | D:1      | Learned a level 3 spell: Regeneration
  1250 | D:2      | Reached skill level 5 in Spellcasting
  1486 | D:2      | Reached XP level 4. HP: 22/24 MP: 10/13
  2073 | D:3      | Noticed a centaur
  2078 | D:3      | Shot with an arrow by a centaur

Vault maps used:
D:1:      lemuel_arrival_lava_pool, serial_bayou_pond_a, minmay_heptomino_w4
D:2:      minivault_27
D:3:      minmay_checkerbox

Skill      XL: |  1  2  3 |
---------------+----------+-----
Necromancy     | 5 |  5.6
Spellcasting   | 4 5 |  5.4
Dodging        | |  2.4
Stealth        | |  2.4

Action                   |  1- 3 |  4- 6 || total
-------------------------+-------+-------++-------
Melee: Unarmed           |     3 |       ||     3
 Cast: Pain              |    59 |    18 ||    77
       Animate Skeleton  |     2 |     1 ||     3
       Regeneration      |       |     1 ||     1
  Eat: Chunk             |     2 |       ||     2
       Ration            |       |     1 ||     1
Armor: Robe              |     3 |       ||     3
Dodge: Dodged            |     5 |     1 ||     6

Table legend:
 A = Spawn XP
 B = Non-spawn XP
 C = Spawn XP percentage of total XP
 D = Spawn monster count
 E = Non-spawn monster count
 F = Spawn count percentage of total count
 G = Total turns spent on level
                    A         B        C        D         E        F      G
               +---------+---------+-------+---------+---------+-------+---------
         Total |       0 |     121 |   0.0 |       0 |      45 |   0.0 |  2078
               +---------+---------+-------+---------+---------+-------+---------
           D:1 |       0 |      49 |   0.0 |       0 |      29 |   0.0 |  1098
           D:2 |       0 |      62 |   0.0 |       0 |      12 |   0.0 |   894
           D:3 |       0 |      10 |   0.0 |       0 |       4 |   0.0 |    86
               +---------+---------+-------+---------+---------+-------+---------
